 Dungeon Crawl Stone Soup version 0.31.0-9-g3a7656b989 (console) character file.

Game seed: 82199168936219501

641 AlterAsc the Changeling (level 7, 0/43 HPs)
             Began as an Octopode Shapeshifter on Jan 28, 2024.
             Slain by a sky beast (1 damage)
             ... on level 6 of the Dungeon.
             The game lasted 00:11:04 (4821 turns).

AlterAsc the Changeling (Octopode Shapeshifter)     Turns: 4821, Time: 00:11:04

Health: 0/43       AC:  1    Str: 15    XL:     7   Next: 51%
Magic:  0/7        EV: 13    Int: 12    God:
Gold:   195        SH:  0    Dex: 12    Spells: 6/6 levels left

rFire   . .          .
                       - Unarmed
rCold   . . .        (no shield)
rNeg    . . .        (helmet currently unavailable)
rPois   +            l - amulet of guardian spirit
rElec   .            a - ring of poison resistance
rCorr   .            (no ring)
SInv    .            (no ring)
Will    .....        (no ring)
Stlth   ++           (no ring)
HPRegen 0.27/turn    (no ring)
MPRegen 0.10/turn    (no ring)
                     (no ring)

%: guardian spirit
@: brilliant, beast-form, marked
A: beast (slay +4), almost no armour, amphibious, 8 rings, camouflage 1,
gelatinous body 1, (nimble swimmer 1), tentacles
a: Begin Untransformation


You were on level 6 of the Dungeon.
You were a hulking beast.
You visited 1 branch of the dungeon, and saw 6 of its levels.

You collected 234 gold pieces.
You spent 39 gold pieces at shops.

Inventory:

Missiles
 h - 22 stones (quivered)
 u - 2 boomerangs
Armour
 e - an orb of wrath
Jewellery
 a - a ring of poison resistance (left tentacle)
 l - an amulet of guardian spirit (around mantle)
Talismans
 b - a beast talisman
 c - a flux talisman
 i - a dragon-blood talisman
Wands
 r - a wand of iceblast (12)
Scrolls
 d - a scroll of noise {unknown}
 k - a scroll of enchant weapon {unknown}
 m - a scroll of vulnerability {unknown}
 o - 2 scrolls of identify {unknown}
 p - 2 scrolls of immolation {unknown}
 q - a scroll of poison {unknown}
 s - 2 scrolls of blinking {unknown}
Potions
 f - 2 potions of degeneration {unknown}
 g - a potion of enlightenment {unknown}
 j - a potion of brilliance
 t - a potion of haste {unknown}


   Skills:
 - Level 1.0 Fighting
 - Level 2.0 Dodging
 - Level 4.1 Unarmed Combat
 + Level 7.4 Shapeshifting


You had 6 spell levels left.
You didn't know any spells.
Your spell library contained the following spells:

 Spells                   Type           Power      Damage    Failure   Level
 Necrotise                Necr           0%         1d4       32%         1
 Dazzling Flash           Conj/Hex       0%         N/A       69%         3
 Mephitic Cloud           Conj/Alch/Air  0%         N/A       69%         3
 Vampiric Draining        Necr           0%         2d6       69%         3
 Martyr's Knell           Necr/Summ      0%         N/A       97%         4
 Curse of Agony           Necr           0%         N/A       100%        5
 Silence                  Hex/Air        0%         N/A       100%        5


Dungeon Overview and Level Annotations

Branches:
Dungeon (6/15)
 Temple: D:4-7

Altars:
Cheibriados
Dithmenos
Hepliaklqana

Shops:
D:1 [!*


Innate Abilities, Weirdness & Mutations

You are a hulking beast.
Your limbs bulge with bestial killing power. (Slay +4)
You cannot wear most types of armour.
You are amphibious.
You can wear up to eight rings at the same time.
Your skin changes colour to match your surroundings (Stealth+).
Your rubbery body absorbs attacks. (AC +1, EV +1)
((You are camouflaged when in or above water. (Stealth+)))
You have tentacles for arms and can constrict up to eight enemies at once.


Message History

Found a short sword.
Found a falchion.
A sky beast comes into view.
Press: ? - help, v - describe, . - travel
Here: a sky beast (asleep)
The floor.
A malevolent force fills the Dungeon...
With a horrendous wail, an alarm goes off!
A sentinel's mark forms upon you.
You hear an angry hiss.
The sky beast hits you. The sky beast shocks you.
You see here a +0 short sword.
You barely miss the sky beast. The sky beast hits you.
The sky beast shocks you.
You closely miss the sky beast. The sky beast hits you.
The sky beast shocks you.
You barely miss the sky beast. The sky beast hits you.
The sky beast shocks you.
You tentacle-slap the sky beast.
The sky beast is lightly wounded.
The sky beast hits you. The sky beast shocks you.
* * * LOW HITPOINT WARNING * * *
You feel better. The sky beast closely misses you.
You tentacle-slap the sky beast.
The sky beast is lightly wounded.
The sky beast hits you. The sky beast shocks you.
* * * LOW HITPOINT WARNING * * *
You feel better. The sky beast hits you. The sky beast shocks you.
* * * LOW HITPOINT WARNING * * *
You tentacle-slap the sky beast. Your squeeze misses the sky beast.
The sky beast is moderately wounded.
The sky beast flickers out of sight!
Deactivating autopickup; reactivate with Ctrl-A.
Something hits you.
* * * LOW HITPOINT WARNING * * *
Something shocks you.
* * * LOW HITPOINT WARNING * * *
Okay, then.
Unknown command.
It was a potion of brilliance.
You feel clever all of a sudden. Something hits you.
You die...

#.........###.#######
#...................#
#.........###.#####.#
###.#####.........#.#
#......#.###..##.#.#
#......#.#.........#
#......#.#.###.#...#
#......#.#.# #.#...#
#..$...#.#.# #.#.#.#
#?.....#.#.# #.#.#.#
#....h.#.#.# #.#.#.#
#....{)# #.# ..#.#..
#......# #.# ###.#..
##.##### #.. ... #...
#.. #.


There were no monsters in sight!

Vanquished Creatures
  A water moccasin (D:5)
  A phantom (D:5)
  2 scorpions
  A gnoll bouda (D:5)
  A jelly (D:3)
  An orc priest (D:3)
  An orc wizard (D:5)
  3 gnolls (D:5)
  9 adders
  A shadow imp (D:5)
  A white imp (D:5)
  A dart slug (D:2)
  6 ribbon worms
  13 orcs
  2 ball pythons (D:1)
  7 bats
  6 endoplasms
  A giant cockroach (D:1)
  3 goblins
  10 hobgoblins
  3 jackals (D:3)
  4 quokkas
  2 frilled lizards
  5 kobolds
  3 rats
88 creatures vanquished.

Notes
Turn   | Place    | Note
-------+----------+-------------------------------------------
     0 | D:1      | AlterAsc the Octopode Shapeshifter began the quest for the
                  | Orb.
     0 | D:1      | Reached XP level 1. HP: 13/13 MP: 1/1
    28 | D:1      | Found Detrus's Assorted Antiques.
   147 | D:1      | Reached XP level 2. HP: 18/18 MP: 2/2
   269 | D:1      | Found a faded altar of an unknown god.
   290 | D:1      | Found Myapp's Antique Armour Emporium.
   368 | D:1      | Found Hugyj's Distillery.
   538 | D:1      | Reached XP level 3. HP: 20/23 MP: 3/3
  1220 | D:2      | Reached XP level 4. HP: 15/28 MP: 2/4
  1459 | D:2      | Reached skill level 4 in Shapeshifting
  1741 | D:1      | Bought a potion of curing for 39 gold pieces
  1873 | D:3      | Reached XP level 5. HP: 30/33 MP: 3/5
  2087 | D:3      | Reached skill level 5 in Shapeshifting
  2276 | D:3      | Found a faded altar of an unknown god.
  2280 | D:3      | Found a hazy altar of Hepliaklqana.
  2775 | D:4      | Found a shadowy altar of Dithmenos.
  3220 | D:4      | Noticed a hornet
  3221 | D:4      | Noticed a phantom
  3221 | D:4      | Noticed a yak
  3268 | D:5      | Entered Level 5 of the Dungeon
  3272 | D:5      | Noticed an ice beast
  3390 | D:5      | Reached XP level 6. HP: 21/38 MP: 3/6
  3567 | D:5      | Found a snail-covered altar of Cheibriados.
  3676 | D:5      | Reached skill level 6 in Shapeshifting
  4154 | D:5      | Reached XP level 7. HP: 25/43 MP: 2/7
  4312 | D:5      | Reached skill level 7 in Shapeshifting
  4820 | D:6      | HP: 1/43 [something (5)]
  4821 | D:6      | Slain by a sky beast

Illustrated notes

Levels and vault maps discovered:
D:1:      psy_arrival_basics, layout_basic, serial_shops,
          nicolae_shop_behind_doors, shop, shop,
          hellmonk_ecumenical_altar_crossroads
D:2:      layout_loops_ring, chequers_serial_rivers_micro_c
D:3:      layout_basic, nicolae_overflow_ecumenical_swirl
D:4:      layout_cave_pools, nicolae_dithmenos_shadow_blocks,
          grunt_decor_one_mirror, lightli_corner_chamber
D:5:      layout_basic, cheibriados_altar_1, serial_rivers,
          chequers_serial_rivers_micro_e, chequers_serial_rivers_micro_b,
          chequers_serial_rivers_micro_a, chequers_serial_rivers_micro_d,
          nicolae_figureground_sparkle
D:6:      minmay_polygon_palace, layout_basic, makhleb_blood_cavern_becter

Skill      XL: |  1  2  3  4  5  6  7 |
---------------+----------------------+-----
Unarmed Combat | 4 |  4.1
Shapeshifting  | 4 5 6 7 |  7.4
Fighting       | |  1.0
Dodging        | |  2.0

Action                     |  1- 3 |  4- 6 |  7- 9 || total
---------------------------+-------+-------+-------++-------
  Melee: Unarmed           |    56 |   118 |    28 ||   202
         Constrict         |    11 |    24 |     7 ||    42
         Tentacles         |    12 |    31 |     4 ||    47
         Punch             |     3 |     2 |       ||     5
    Use: Potion            |       |     1 |     3 ||     4
   Stab: Sleeping          |     8 |     5 |       ||    13
 Armour: Skin              |    23 |    43 |    20 ||    86
  Dodge: Dodged            |    20 |    61 |    10 ||    91
